 Dungeon Crawl Stone Soup version 0.29-a0-344-ge2f44be95a (webtiles) character file.

Game seed: 6323220349486150437

23 voltaire321 the Ducker (level 3, -3/28 HPs)
             Began as a Merfolk Gladiator on Mar 10, 2022.
             Slain by a kobold
             ... wielding a +0 short sword
              (5 damage)
             ... on level 2 of the Dungeon on Apr 21, 2022.
             The game lasted 00:02:20 (997 turns).

voltaire321 the Ducker (Merfolk Gladiator)           Turns: 997, Time: 00:02:20

Health: -3/28      AC:  4    Str: 14    XL:     3   Next: 0%
Magic:  3/3        EV: 13    Int:  7    God:
Gold:   42         SH:  0    Dex: 17    Spells: 2/2 levels left

rFire   . . .      SeeInvis .   a - +0 trident
rCold   . . .      Faith    .   (no shield)
rNeg    . . .      Spirit   .   b - +0 leather armour
rPois   .          Reflect  .   c - +0 helmet
rElec   .          Harm     .   (no cloak)
rCorr   .          Rampage  .   (no gloves)
Will    .....                   (no boots)
Stlth   +.........              (no amulet)
HPRegen 0.09/turn               (no ring)
MPRegen 0.08/turn               (no ring)

@: no status effects
A: (nimble swimmer 2), mertail
a: no special abilities


You were on level 2 of the Dungeon.
You visited 1 branch of the dungeon, and saw 2 of its levels.

You collected 42 gold pieces.

Inventory:

Hand Weapons
 a - a +0 trident (weapon)
Missiles
 d - 3 throwing nets (quivered)
 e - a javelin
Armour
 b - a +0 leather armour (worn)
 c - a +0 helmet (worn)
Scrolls
 f - a scroll of enchant armour {unknown}
 h - a scroll of fog {unknown}
 i - a scroll of identify {unknown}
Potions
 g - a potion of degeneration {unknown}


   Skills:
 + Level 2.6 Fighting
 + Level 4.4 Polearms
 + Level 2.3 Throwing
 + Level 4.4 Dodging


You had 2 spell levels left.
You didn't know any spells.
Your spell library was empty.

Dungeon Overview and Level Annotations

Branches:
Dungeon (2/15)

Altars:


Innate Abilities, Weirdness & Mutations

((You are very nimble when in or above water. (Stealth+, EV+, Speed+++)))
Your lower body shifts to a powerful aquatic tail in water.


Message History

There are monsters nearby!
There are monsters nearby!
There are monsters nearby!
There are monsters nearby!
There are monsters nearby!
There are monsters nearby!
There are monsters nearby!
There are monsters nearby!
The endoplasm freezes you.
You are frozen.
The kobold hits you with a +0 short sword.
The kobold hits you with a +0 short sword.
The endoplasm hits you. The endoplasm misses you. The kobold barely misses you.
The kobold hits you but does no damage. The endoplasm closely misses you.
The kobold hits you with a +0 short sword.
The endoplasm freezes you.
You are frozen.
* * * LOW HITPOINT WARNING * * *
The kobold barely misses you. The endoplasm closely misses you.
The kobold completely misses you. The endoplasm misses you.
The endoplasm misses you. The kobold closely misses you.
The endoplasm freezes you.
You are frozen.
* * * LOW HITPOINT WARNING * * *
The kobold closely misses you. The endoplasm freezes you.
You are frozen.
* * * LOW HITPOINT WARNING * * *
The kobold completely misses you.
The kobold hits you with a +0 short sword.
* * * LOW HITPOINT WARNING * * *
The endoplasm freezes you.
You are frozen.
* * * LOW HITPOINT WARNING * * *
The kobold closely misses you.
The endoplasm hits you but does no damage.
The endoplasm closely misses you.
The kobold hits you with a +0 short sword.
You die...

####### #.....##.
#.....#. #......
#.....# #.....#
#...J.# #..$@K# #.
####.### #.# #.##..#
#.# #.###.#######.#
#.# #.# #.........#
#.# #.# ###.#.##### #
##.#####.#####.#.#
#.##................#
##...........#######.#


You could see an endoplasm and a kobold.

Vanquished Creatures
  2 dart slugs (D:1)
  An endoplasm (D:1)
  A giant cockroach (D:1)
  2 goblins (D:1)
  A hobgoblin (D:1)
  3 jackals (D:1)
  2 kobolds (D:1)
  2 quokkas
  A ball python (D:1)
  A bat (D:1)
  A frilled lizard (D:1)
  A rat (D:1)
18 creatures vanquished.

Notes
Turn   | Place    | Note
-------+----------+-------------------------------------------
     0 | D:1      | voltaire321 the Merfolk Gladiator began the quest for the
                  | Orb.
     0 | D:1      | Reached XP level 1. HP: 16/16 MP: 1/1
    68 | D:1      | Reached XP level 2. HP: 22/23 MP: 2/2
   226 | D:1      | Upgraded the game from 0.29-a0-275-g389c0b56f3 to
                  | 0.29-a0-322-g68df515428
   942 | D:2      | Upgraded the game from 0.29-a0-322-g68df515428 to
                  | 0.29-a0-344-ge2f44be95a
   944 | D:2      | Reached XP level 3. HP: 26/28 MP: 3/3
   997 | D:2      | Slain by a kobold

Illustrated notes

Levels and vault maps discovered:
D:1:      minmay_arrival_four_circles, layout_rooms, serial_forest,
          infiniplex_forest_lined_2, infiniplex_forest_clump_large,
          infiniplex_forest_lined_room_3, infiniplex_forest_corner_1,
          infiniplex_forest_clump_small, infiniplex_forest_corner_1,
          infiniplex_forest_end_2, infiniplex_forest_end_3,
          infiniplex_forest_zigzag_1, infiniplex_forest_lined_3
D:2:      layout_loops_ring, shapermc_ecumenical_altar_rom_forum, serial_shops,
          nicolae_shop_bloodbath_and_beyond, shop, minmay_crystal_room

Action                   || total
-------------------------++-------
Melee: Trident           ||    75
Armor: Leather armour    ||    24
Dodge: Dodged            ||    64

Table legend: (Time is in decaauts)
 A = Elapsed time spent in this place.
 B = Non-inter-level travel time spent in this place.
 C = Inter-level travel time spent in this place.
 D = Time resting spent in this place.
 E = Time spent auto-exploring this place.
 F = Levels seen in this place.
 G = Mean time per level.
                   A        B        C        D        E       F      G
               +--------+--------+--------+--------+--------+-----+--------+
         Total |   1003 |    977 |     26 |      0 |    796 |   2 |  501.5 |
       Dungeon |   1003 |    977 |     26 |      0 |    796 |   2 |  501.5 |
               +--------+--------+--------+--------+--------+-----+--------+

Top non-repeatable levels by time:
     D:1: 929 daAuts
     D:2: 73 daAuts
